 Dungeon Crawl Stone Soup version 0.25-a0-503-ge281fa673e (webtiles) character file.

Game seed: 1527101072198198720, levelgen mode: deterministic

489 Eurus the Conjurer (level 6, -1/47 HPs)
             Began as a Mummy Conjurer on Feb 13, 2020.
             Shot with an arrow by a centaur (3 damage)
             ... on level 5 of the Dungeon.
             The game lasted 00:12:55 (6463 turns).

Eurus the Conjurer (Mummy Conjurer)                 Turns: 6463, Time: 00:12:56

Health: -1/47      AC:  3    Str: 11    XL:     6   Next: 90%
Magic:  6/13       EV: 12    Int: 16    God:
Gold:   234        SH:  0    Dex: 13    Spells: 8/15 levels left

rFire    x . .     SeeInvis .   k - +3 whip (flame)
rCold    + . .     Gourm    .   (no shield)
rNeg     + + +     Faith    .   a - +1 robe
rPois    ∞         Spirit   .   (no helmet)
rElec    .         Reflect  .   (no cloak)
rCorr    .         Harm     .   (no gloves)
MR       .....                  (no boots)
Stlth    ++........             (no amulet)
HPRegen  0.15/turn              (no ring)
MPRegen  0.13/turn              (no ring)

@: very slightly contaminated
A: no food or potions, fire vulnerability, cold resistance 1, negative energy
resistance 3, torment resistance, unbreathing
a: no special abilities


You were on level 5 of the Dungeon.
You were not hungry.

You visited 1 branch of the dungeon, and saw 5 of its levels.
You also visited: Ossuary.

You collected 234 gold pieces.

Inventory:

Hand Weapons
 k - a +3 whip of flaming (weapon)
Armour
 a - a +1 robe (worn)
Jewellery
 f - a cursed amulet of inaccuracy {unknown}
 l - an uncursed ring of protection from cold {unknown}
 n - a cursed ring of positive energy {unknown}
Scrolls
 b - a scroll of blinking {unknown}
 c - 6 scrolls of teleportation
 d - 2 scrolls of noise
 e - 4 scrolls of remove curse
 g - a scroll of immolation {unknown}
 h - 3 scrolls of amnesia {unknown}
 i - a scroll of magic mapping
 j - 9 scrolls of identify {unknown}
 m - 6 scrolls of random uselessness {unknown}


   Skills:
 + Level 3.2 Fighting
 - Level 1.5 Dodging
 - Level 1.5 Stealth
 + Level 5.1 Spellcasting
 + Level 5.4 Conjurations
 + Level 0.0 Translocations


You had 8 spell levels left.
You knew the following spells:

 Your Spells              Type           Power        Failure   Level  Hunger
a - Magic Dart            Conj           ###.         1%          1    N/A
b - Searing Ray           Conj           ###...       2%          2    N/A
c - Iskenderun's Mystic   Conj/Tloc      ##......     43%         4    N/A

Your spell library contained the following spells:

 Spells                   Type           Power        Failure   Level  Hunger
 Dazzling Flash           Conj/Hex       ##....       14%         3    N/A
 Summon Small Mammal      Summ           #...         16%         1    N/A
 Call Imp                 Summ           #.......     22%         2    N/A
 Call Canine Familiar     Summ           #.......     41%         3    N/A
 Summon Guardian Golem    Hex/Summ       #.......     41%         3    N/A
 Fulminant Prism          Conj/Hex       ##........   43%         4    N/A
 Summon Ice Beast         Ice/Summ       #.......     83%         4    N/A
 Summon Lightning Spire   Summ/Air       #.......     83%         4    N/A

Dungeon Overview and Level Annotations

Branches:
Dungeon (5/15)             Temple (0/1) D:5         Ossuary (visited)

Altars:


Innate Abilities, Weirdness & Mutations

You do not eat or drink.
Your flesh is vulnerable to fire.
You are immune to poison.
Your flesh is cold resistant. (rC+)
You are immune to negative energy. (rN+++)
You are immune to unholy pain and torment.
You can survive without breathing.


Message History

(Press . to maintain the ray.)
The centaur shoots an arrow.
The arrow hits you! The arrow burns you.
The centaur shoots an arrow.
The arrow misses you.
The searing ray hits the centaur.
The centaur is heavily wounded.
The centaur shoots an arrow.
The arrow hits you!
* * * LOW HITPOINT WARNING * * *
The arrow burns you.
* * * LOW HITPOINT WARNING * * *
The searing ray hits the centaur.
The centaur is severely wounded.
The centaur shoots an arrow.
The arrow completely misses you.
The searing ray hits the centaur.
The centaur is almost dead.
You finish channeling your searing ray.
The centaur shoots an arrow.
The arrow completely misses you.
The centaur shoots an arrow.
The arrow hits you!
* * * LOW HITPOINT WARNING * * *
The arrow burns you.
You die...

#..........,,,,,* **,**,
#..........,,,,,* **,,*,,
#..........,,,,,* **,,**,,
♣♣♣###..........,,,,,***,,***,,
♣♣♣≈PP≈PP≈≈.......,,,,,,,,,,,,,,*
♣≈≈PP≈≈≈P≈P....#,,,,,,#.,,*,**,,,
≈≈≈≈≈≈≈≈≈≈P..#*######...*,,,,,,,*
≈≈≈≈≈≈(≈≈≈≈..# #.(......,,,,,,,,,
≈≈≈≈≈≈PP≈≈...# #@.......,,,,,,,,,
≈≈≈≈≈≈PP≈....###........,,,,,,,,,
≈≈≈≈≈≈PP≈c.....c........,,,***,*,
≈≈≈≈≈≈≈≈≈≈......#####..#**,,**,##
c≈≈≈≈≈≈P≈≈P......$..,,..,,,,,,,,.
≈P≈≈≈P≈≈P≈≈.....####*,*#*#*...###
♣♣≈≈≈≈P≈P≈≈........,,,,,,,....,..
♣♣♣♣######.....####*.#***#.#.###
###...#####.##.#####.#....


You could see a centaur.

Vanquished Creatures
  A bullfrog zombie (D:5)
  A human zombie (Ossuary)
  Natasha (thrice) (D:4)
  2 big kobold zombies (Ossuary)
  2 hound skeletons (D:5)
  6 mummies
  5 gnolls
  7 adders
  A worm (D:2)
  A dart slug (D:2)
  3 leopard geckos
  4 orcs (D:4)
  4 ball pythons
  5 bats
  2 giant cockroaches (D:2)
  A gnoll zombie (Ossuary)
  11 goblins
  14 hobgoblins
  5 jackals (D:2)
  2 quokkas
  4 goblin zombies
  A hobgoblin zombie (Ossuary)
  7 kobolds
  A kobold zombie (D:5)
  A leopard gecko skeleton (D:4)
  14 rats
108 creatures vanquished.

Vanquished Creatures (others)
  A plant (D:5)
1 creature vanquished.

Grand Total: 109 creatures vanquished

Notes
Turn   | Place    | Note
-------+----------+-------------------------------------------
     0 | D:1      | Eurus the Mummy Conjurer began the quest for the Orb.
     0 | D:1      | Reached XP level 1. HP: 13/13 MP: 4/4
   166 | D:1      | Reached XP level 2. HP: 18/20 MP: 5/5
   170 | D:1      | Learned a level 2 spell: Searing Ray
   830 | D:1      | Reached skill level 1 in Fighting
   874 | D:1      | Reached XP level 3. HP: 26/26 MP: 4/7
  2052 | D:2      | Reached XP level 4. HP: 32/32 MP: 7/9
  3492 | D:3      | Reached XP level 5. HP: 38/38 MP: 5/11
  4662 | D:4      | Noticed Natasha
  4664 | D:4      | Killed Natasha
  4754 | D:4      | Noticed Natasha
  4757 | D:4      | Killed Natasha
  4875 | D:4      | Noticed Natasha
  4880 | D:4      | Killed Natasha
  4880 | D:4      | Reached XP level 6. HP: 46/46 MP: 7/12
  5241 | D:5      | Entered Level 5 of the Dungeon
  5250 | D:5      | Reached skill level 5 in Conjurations
  5346 | D:5      | Found a sand-covered staircase.
  5409 | Ossuary  | Entered an ossuary
  6006 | Ossuary  | Reached skill level 5 in Spellcasting
  6353 | D:5      | Learned a level 4 spell: Iskenderun's Mystic Blast
  6463 | D:5      | HP: 2/47 [centaur/arrow (7)]
  6463 | D:5      | Shot with an arrow by a centaur

Levels and vault maps discovered:
D:1:      minmay_arrival_glassed_features, layout_basic, minmay_heptomino_d4
D:2:      layout_basic, minmay_quantized
D:3:      layout_loops_corners, chequers_serial_rivers_marsh
D:4:      layout_loops_cross, uniq_natasha
D:5:      layout_rooms, minmay_temple_entry_from_below_a, first_ration,
          nicolae_ossuary_entry_giza, serial_bayou, serial_bayou_shore_a,
          serial_bayou_pond_e, serial_bayou_ford_a, serial_bayou_lagoon_a

Skill      XL: |  1  2  3  4  5  6 |
---------------+-------------------+-----
Spellcasting   | 3 4 5 |  5.1
Fighting       | 1 2 3 |  3.2
Conjurations   | 4 5 |  5.4
Dodging        | |  1.5
Stealth        | |  1.5

Action                   |  1- 3 |  4- 6 || total
-------------------------+-------+-------++-------
Melee: Dagger            |    46 |    15 ||    61
       Unarmed           |     2 |       ||     2
       Whip              |       |    74 ||    74
 Cast: Magic Dart        |    46 |    70 ||   116
       Searing Ray       |     5 |    29 ||    34
  Use: Scroll            |       |     7 ||     7
 Stab: Sleeping          |     3 |     7 ||    10
       Distracted        |       |     1 ||     1
Armor: Robe              |    10 |    10 ||    20
Dodge: Dodged            |    35 |    41 ||    76

Table legend:
 A = Non-vault XP
 B = Vault XP
 C = Vault XP percentage of total XP
 D = Non-vault monster count
 E = Vault monster count
 F = Vault count percentage of total count
                 A         B        C        D         E       F
            +---------+---------+-------+---------+---------+-------
      Total |     429 |     270 |  38.6 |      85 |      23 |  21.3
            +---------+---------+-------+---------+---------+-------
        D:1 |      51 |       3 |   5.6 |      27 |       2 |   6.9
        D:2 |      98 |      19 |  16.2 |      32 |       4 |  11.1
        D:3 |     109 |       0 |   0.0 |      14 |       0 |   0.0
        D:4 |      89 |      35 |  28.2 |       8 |       1 |  11.1
        D:5 |      82 |      20 |  19.6 |       4 |       3 |  42.9
    Ossuary |       0 |     193 | 100.0 |       0 |      13 | 100.0
            +---------+---------+-------+---------+---------+-------
